[Event "Early-Titled-Tuesday-Blitz-March-26-2024"]
[Site "Chess.com"]
[Date "2024.03.26"]
[Round "1"]
[White "aljado"]
[Black "ketster"]
[Result "1/2-1/2"]
[WhiteElo "2143"]
[BlackElo "2573"]
[TimeControl "180+1"]
[EndTime "8:06:32 PDT"]
[Termination "Game drawn by repetition"]

1. e4 e5 2. Nf3 Nc6 3. Bb5 a6 4. Ba4 Bc5 5. O-O Nge7 6. c3 Ba7 7. d4 Ng6 8. Bg5 f6 9. Be3 O-O 10. Nbd2 d6 11. h3 Kh8 12. b4 Nce7 13. Bb3 d5 14. dxe5 Bxe3 15. fxe3 fxe5 16. exd5 Nxd5 17. Ne4 Be6 18. Nfg5 Bg8 19. Qh5 Nf6 20. Nxf6 Rxf6 21. Rxf6 gxf6 22. Rd1 Qe7 23. Bxg8 Rxg8 24. Ne4 Kg7 25. Qf5 Rd8 26. Rf1 Rf8 27. Rd1 Rd8 28. Rf1 Rf8 29. Rd1 Rd8 1/2-1/2

[Event "Early-Titled-Tuesday-Blitz-March-26-2024"]
[Site "Chess.com"]
[Date "2024.03.26"]
[Round "1"]
[White "Veleamater"]
[Black "Andrey_Klymchuk"]
[Result "1-0"]
[WhiteElo "2398"]
[BlackElo "2693"]
[TimeControl "180+1"]
[EndTime "8:06:33 PDT"]
[Termination "Veleamater won by resignation"]

1. g3 d5 2. Bg2 c6 3. d3 Nf6 4. Nf3 Qc7 5. O-O e5 6. Nc3 Bb4 7. h3 O-O 8. a3 Be7 9. e4 dxe4 10.
dxe4 b6 11. Nh4 Re8 12. Nf5 Bf8 13. g4 h6 14. Be3 Nbd7 15. Qe2 Nc5 16. Rfd1 Ne6 17.
Qf3 Nf4 18. Bxf4 exf4 19. h4 g6 20. g5 gxf5 21. gxf6 Qe5 22. exf5 Bxf5 23. Re1 Qxf6 24. Qxc6 Rxe1+ 25. Rxe1 Qxc6 26. Bxc6 Rc8 27. Be4 Be6 28.
Kg2 Be7 29. Nd5 Bxd5 30. Bxd5 Bxh4 31. c4 Kf8 32. Kf3 Bg5 33. b4 Rd8 34. Re5 Rd7 35.
a4 Rc7 36. b5 Kg7 37. Re8 h5 38. Ke4 Kf6 39. Rf8 h4 40. Kf3 Kg7 41. Re8 f5 42. Rg8+ Kf6 43. Rf8+ Ke5 44. Rg8 Bf6 45. Rg1 Rh7 46. Re1+ Kd4 47. Kxf4 Be7 48. Kxf5 h3 49.
Kg6 Bb4 50. Re4+ 1-0

[Event "Early-Titled-Tuesday-Blitz-March-26-2024"]
[Site "Chess.com"]
[Date "2024.03.26"]
[Round "1"]
[White "ckgchess"]
[Black "imdvb6307"]
[Result "1-0"]
[WhiteElo "2947"]
[BlackElo "2517"]
[TimeControl "180+1"]
[EndTime "8:06:34 PDT"]
[Termination "ckgchess won on time"]

1. e4 Nc6 2. Nf3 d6 3. d4 Nf6 4. Nc3 e5 5. Bb5 Bd7 6. O-O exd4 7. Nxd4 Be7 8. Bxc6 bxc6 9. Re1 O-O 10. e5 dxe5 11. Rxe5 c5 12. Nb3 Bd6 13. Re1 h6 14. h3 Rb8 15.
Na5 Re8 16. b3 Rxe1+ 17. Qxe1 Qe8 18. Bb2 Be5 19. Nc4 Bd4 20. Ne2 Bxb2 21. Nxb2 Bb5 22. c4 Bc6 23. Nc3 Ne4 24. Nxe4 Qxe4 25. Qxe4 Bxe4 26. Re1 f5 27. Na4 Rd8 28. Nxc5 Rd2 29. a4 Rb2 30. f3 Bc2 31. Re3 f4 32. Rc3 Kf7 33. h4 Bf5 34. Na6 Bc2 35. Nc5 Bf5 36.
a5 Kg6 37. Na6 Bc2 38. Nxc7 Bxb3 39. Nd5 1-0

[Event "Early-Titled-Tuesday-Blitz-March-26-2024"]
[Site "Chess.com"]
[Date "2024.03.26"]
[Round "1"]
[White "Kacparov"]
[Black "whiteglovethief"]
[Result "1/2-1/2"]
[WhiteElo "2904"]
[BlackElo "2515"]
[TimeControl "180+1"]
[EndTime "8:06:34 PDT"]
[Termination "Game drawn by repetition"]

1. e4 e6 2. d4 d5 3. Nd2 c5 4. exd5 exd5 5. Ngf3 Nc6 6. Bb5 Bd6 7. O-O Ne7 8. dxc5 Bxc5 9. Nb3 Bd6 10. c3 O-O 11. h3 h6 12. Re1 Bf5 13. Nbd4 Be4 14. Be3 a6 15. Bd3 Nxd4 16. Bxd4 f5 17. Ne5 Nc6 18. Nxc6 bxc6 19. Bf1 c5 20. Be3 f4 21. Bc1 f3 22.
Bd3 fxg2 23. Bxe4 dxe4 24. Qg4 Qf6 25. Be3 Rae8 26. Rad1 Qe5 27. Qxg2 Re6 28. c4 Rff6 29. Rd5 Qxb2 30. Rxd6 Rxd6 31. Qxe4 Rde6 32. Qd5 Kh7 33. Kh1 Qxa2 34. Qd3+ Kh8 35. Qd8+ Kh7 36. Qd3+ Kg8 37. Qd8+ Kf7 38. Qd7+ Kg8 39. Qd8+ Kh7 40. Qd3+ 1/2-1/2

[Event "Early-Titled-Tuesday-Blitz-March-26-2024"]
[Site "Chess.com"]
[Date "2024.03.26"]
[Round "1"]
[White "KarstenHansch"]
[Black "Rsnr"]
[Result "0-1"]
[WhiteElo "2498"]
[BlackElo "2904"]
[TimeControl "180+1"]
[EndTime "8:06:35 PDT"]
[Termination "Rsnr won by resignation"]

1. e4 c6 2. Nf3 d5 3. Nc3 Bg4 4.
h3 Bh5 5. g4 Bg6 6. Ne5 Bxe4 7.
Nxe4 dxe4 8. Bc4 e6 9. Qe2 Qd4 10. f4 Nf6 11. c3 Qd8 12. g5 Nd5 13. Qxe4 Nd7 14. d4 Bd6 15. Bd3 g6 16. O-O Qe7 17. a3 f5 18. Qe2 Bxe5 19. dxe5 Nc5 20. c4 Nb6 21. Be3 h6 22. h4 hxg5 23. hxg5 O-O-O 24. Rad1 Rh4 25. b4 Nxd3 26. Rxd3 Rdh8 27. Qg2 Rg4 28.
Rfd1 Nxc4 29. Bxa7 Qh7 0-1

[Event "Early-Titled-Tuesday-Blitz-March-26-2024"]
[Site "Chess.com"]
[Date "2024.03.26"]
[Round "1"]
[White "ChelsieMonica"]
[Black "dropstoneDP"]
[Result "0-1"]
[WhiteElo "2529"]
[BlackElo "2993"]
[TimeControl "180+1"]
[EndTime "8:06:36 PDT"]
[Termination "dropstoneDP won by checkmate"]

1. e4 e5 2. Nf3 Nf6 3. Nxe5 d6 4.
Nf3 Nxe4 5. Nc3 Nxc3 6. dxc3 Be7 7. Bf4 O-O 8. Qd2 Nd7 9. O-O-O Re8 10. h4 h6 11. Bd3 Nc5 12. Nd4 Bf8 13. f3 Nxd3+ 14.
Qxd3 Bd7 15. g4 c5 16. Nf5 Qa5 17. a3 c4 18. Qxc4 Bxf5 19. gxf5 Qxf5 20. Rhg1 Rac8 21. Qa4 b5 22. Qxa7 Qxf4+ 23. Kb1 Qxh4 24. Qd7 Qc4 25.
Rd4 Qe6 26. Qxb5 Rc5 27. Qd3 d5 28. Rdg4 Rc4 29. R4g3 g5 30. b3 Rc6 31. f4 Bg7 32.
Qd2 Qe2 33. Qxd5 Rxc3 34. Rxc3 Bxc3 35. b4 Qe3 36. Rg2 Bg7 37. fxg5 Qxa3 38. c3 Re1+ 39.
Kc2 Qxc3# 0-1

[Event "Early-Titled-Tuesday-Blitz-March-26-2024"]
[Site "Chess.com"]
[Date "2024.03.26"]
[Round "1"]
[White "ATM622"]
[Black "AlmasRakhmatullaev"]
[Result "0-1"]
[WhiteElo "2503"]
[BlackElo "2908"]
[TimeControl "180+1"]
[EndTime "8:06:37 PDT"]
[Termination "AlmasRakhmatullaev won by checkmate"]

1. d4 d5 2. c4 e6 3. Nf3 a6 4.
Nbd2 Nf6 5. g3 dxc4 6. Nxc4 b5 7. Nce5 Bb7 8. Bg2 Ra7 9. O-O Bd6 10. Qb3 O-O 11. Nxf7 Rxf7 12. Ng5 Bd5 13. Bxd5 exd5 14. Nxf7 Kxf7 15. e4 Nc6 16. Be3 Na5 17. Qc3 b4 18.
Qc2 Nxe4 19. f3 Nf6 20. Rfe1 c6 21. Bg5 h6 22. Bc1 Qb6 23. Qf5 Re7 24. Rxe7+ Bxe7 25. Be3 Nc4 26. Bf2 c5 27. Re1 cxd4 28. g4 Ne3 29. Qd3 Bc5 30. h4 Qb5 31. Qb1 Qd7 32. g5 hxg5 33.
hxg5 Qh3 34. Bxe3 dxe3 35. Re2 Qg3+ 36. Kf1 Qxf3+ 37. Kg1 Qxe2 38. gxf6 Qf2+ 39. Kh1 Qf3+ 40. Kh2 Qf4+ 41. Kh3 e2 42. Qh7 Qf3+ 43. Kh2 Bd6+ 44. Kg1 e1=Q# 0-1

[Event "Early-Titled-Tuesday-Blitz-March-26-2024"]
[Site "Chess.com"]
[Date "2024.03.26"]
[Round "1"]
[White "BlueWizzard"]
[Black "Lucky_Puncher"]
[Result "1-0"]
[WhiteElo "2862"]
[BlackElo "2475"]
[TimeControl "180+1"]
[EndTime "8:06:37 PDT"]
[Termination "BlueWizzard won on time"]

1. d4 Nf6 2. Nc3 d5 3. Bg5 Bf5 4. h4 Nbd7 5. e3 e6 6. Bd3 Bxd3 7. Qxd3 h6 8. Bxf6 Nxf6 9. Nge2 Bd6 10. a3 O-O 11. e4 dxe4 12. Nxe4 Nxe4 13. Qxe4 c5 14. O-O-O Qf6 15. g4 cxd4 16. f4 Qg6 17. Qxd4 Rac8 18.
f5 exf5 19. Qxd6 Qxg4 20. Nc3 Rc6 21. Qe7 Rfc8 22. Rd7 Qg6 23. Rxb7 f4 24. Rf1 Qf5 25. Rb4 Re6 26. Qb7 Re2 27. Qxc8+ Qxc8 28. Nxe2 f3 29.
Rxf3 1-0

[Event "Early-Titled-Tuesday-Blitz-March-26-2024"]
[Site "Chess.com"]
[Date "2024.03.26"]
[Round "1"]
[White "a-z30"]
[Black "js20000"]
[Result "0-1"]
[WhiteElo "2437"]
[BlackElo "2785"]
[TimeControl "180+1"]
[EndTime "8:06:37 PDT"]
[Termination "js20000 won on time"]

1. d3 d5 2. Nf3 Nf6 3. g3 Nc6 4. Bg2 e5 5. O-O Be7 6. Bg5 Be6 7. Nc3 d4 8. Bxf6 gxf6 9. Ne4 f5 10. Ned2 h5 11.
e3 dxe3 12. fxe3 h4 13. gxh4 Bxh4 14. d4 e4 15. Nxh4 Qxh4 16. Rf4 Qxh2+ 17. Kf2 O-O-O 18.
Qh1 Rxd4 19. Qxh2 Rxd2+ 20. Kg1 Rxh2 21. Kxh2 Ne5 22. Kg1 Ng4 23. Rc1 Nxe3 24. Bh3 Kd7 25. Rf2 Rxf2 26. Kxf2 f4 27. Bxe6+ Kxe6 28. c3 Ng4+ 29.
Kg2 f5 30. Rh1 Nf6 31. Rh6 Ke5 32. Rh8 f3+ 33. Kg3 f4+ 34. Kf2 Ng4+ 35. Kf1 e3 0-1

[Event "Early-Titled-Tuesday-Blitz-March-26-2024"]
[Site "Chess.com"]
[Date "2024.03.26"]
[Round "1"]
[White "dealshark"]
[Black "Bilan_Danila"]
[Result "0-1"]
[WhiteElo "2318"]
[BlackElo "2648"]
[TimeControl "180+1"]
[EndTime "8:06:37 PDT"]
[Termination "Bilan_Danila won by resignation"]

1. Nf3 d5 2. e3 Nf6 3. c4 c6 4. Nc3 e6 5. b3 Nbd7 6. d4 Bb4 7. Bd2 O-O 8. Bd3 Qe7 9. O-O e5 10. dxe5 Nxe5 11. Nxe5 Qxe5 12. Ne2 Bxd2 13. Qxd2 dxc4 14. Bxc4 Bg4 15. h3 Bf5 16. Nd4 Be4 17. Bd3 c5 18. Nf3 Bxf3 19. gxf3 Rad8 20. Qe2 Qh5 21.
Kh2 Rd6 22. f4 Qh4 23. Rg1 Rfd8 24. Rad1 b6 25. Rg2 g6 26. f5 Qh5 27. fxg6 Qxe2 28.
gxh7+ Kh8 29. Bxe2 Rxd1 30. Bxd1 Rxd1 31. e4 Nxe4 32. Rg4 Nf6 33. Rf4 Rd6 34. Rh4 Nxh7 35. Ra4 Rd7 36. Kg3 Kg7 37. Kf4 Nf6 38. f3 Nd5+ 39. Kf5 Ne3+ 40. Ke4 Nd5 41. Kf5 Nf6 42.
Rh4 Rd5+ 43. Kf4 Rd4+ 0-1

[Event "Early-Titled-Tuesday-Blitz-March-26-2024"]
[Site "Chess.com"]
[Date "2024.03.26"]
[Round "1"]
[White "andrew-blr"]
[Black "IshviAggarwal"]
[Result "1-0"]
[WhiteElo "2594"]
[BlackElo "2186"]
[TimeControl "180+1"]
[EndTime "8:06:37 PDT"]
[Termination "andrew-blr won on time"]

1. d4 d5 2. c4 e6 3. Nc3 Nf6 4.
cxd5 exd5 5. Bg5 c6 6. e3 Be7 7. Bd3 Nbd7 8. Qc2 O-O 9. Nf3 Re8 10. h3 Nf8 11. O-O Be6 12. Bxf6 Bxf6 13. b4 b5 14. a4 a6 15. Ne2 Qd6 16. Rfc1 Qxb4 17. Qxc6 Rec8 18. Qb6 Rxc1+ 19. Nxc1 Qc3 20. Rb1 bxa4 21. Qb7 Qc8 22. Qb4 Bd7 23. Qa5 Ne6 24.
Na2 Qc7 25. Qxc7 Nxc7 26. Rb7 Bb5 27. Nb4 Bxd3 28. Nxd3 Nb5 29. Rb6 a3 30. Nb4 Be7 31. Na2 g6 32. Ne5 Rc8 33. Nc6 Bf8 34. Rxa6 1-0

[Event "Early-Titled-Tuesday-Blitz-March-26-2024"]
[Site "Chess.com"]
[Date "2024.03.26"]
[Round "1"]
[White "kritipatel"]
[Black "nabukatnezarr"]
[Result "0-1"]
[WhiteElo "2181"]
[BlackElo "2593"]
[TimeControl "180+1"]
[EndTime "8:06:37 PDT"]
[Termination "nabukatnezarr won by checkmate"]

1. e4 c6 2. d4 d5 3. exd5 cxd5 4.
Bd3 Nc6 5. c3 Nf6 6. Bf4 g6 7.
Nf3 Bf5 8. O-O Bxd3 9. Qxd3 Bg7 10. Nbd2 O-O 11. Ne5 Rc8 12. Ndf3 Ne4 13. Qb5 Nxe5 14. Nxe5 b6 15. Rfe1 e6 16. f3 Nd6 17. Qd3 Bxe5 18. Bxe5 Nc4 19. b3 Nxe5 20. Rxe5 Qc7 21. Rc1 Rfd8 22.
h4 Rd6 23. h5 Rc6 24. Re3 Qf4 25.
hxg6 hxg6 26. c4 Kg7 27. Rc2 dxc4 28. bxc4 Rd6 29. Re4 Qg3 30. Qc3 f6 31. c5 bxc5 32. dxc5 Rd1+ 33. Re1 Rxe1+ 34. Qxe1 Qxe1+ 35. Kh2 Rh8# 0-1

[Event "Early-Titled-Tuesday-Blitz-March-26-2024"]
[Site "Chess.com"]
[Date "2024.03.26"]
[Round "1"]
[White "Susal_De_Silva"]
[Black "JoliyRoger"]
[Result "1-0"]
[WhiteElo "2762"]
[BlackElo "2418"]
[TimeControl "180+1"]
[EndTime "8:06:38 PDT"]
[Termination "Susal_De_Silva won on time"]

1. Nf3 Nf6 2. e3 c6 3. c4 d5 4. Nc3 e6 5. b3 Be7 6. Bb2 O-O 7. Qc2 Nbd7 8. Be2 b6 9. O-O Bb7 10. d4 Rc8 11. Rad1 Qc7 12. e4 dxe4 13. Nxe4 Rfd8 14. Nxf6+ Bxf6 15. Nd2 c5 16. Ne4 Bxd4 17. Bxd4 cxd4 18. Rxd4 Bxe4 19. Qxe4 Nf6 20. Rxd8+ Rxd8 21. Qc2 e5 22. h3 g6 23. Rd1 Rd4 24. Rxd4 exd4 25. b4 a5 26. a3 axb4 27. axb4 Nd7 28. Bf3 Ne5 29. Bd5 Qd6 30. Qe4 d3 31. Qd4 Kf8 32. c5 bxc5 33. bxc5 Qc7 34. f4 Nd7 35. c6 Qb6 36. Qf2 Qxf2+ 37.
Kxf2 Nb6 38. Be4 d2 39. Ke2 Ke7 40. Kxd2 Kd6 41. Kc3 1-0

[Event "Early-Titled-Tuesday-Blitz-March-26-2024"]
[Site "Chess.com"]
[Date "2024.03.26"]
[Round "1"]
[White "WiktoriaPOL"]
[Black "Titus369"]
[Result "0-1"]
[WhiteElo "2276"]
[BlackElo "2625"]
[TimeControl "180+1"]
[EndTime "8:06:38 PDT"]
[Termination "Titus369 won by checkmate"]

1. c4 e6 2. Nc3 d5 3. d4 Nf6 4. Bg5 Be7 5. cxd5 exd5 6. e3 c6 7. Qc2 Nbd7 8. Bd3 Nh5 9. Bxe7 Qxe7 10. Nge2 g6 11. O-O Ndf6 12. Rae1 O-O 13. Kh1 Ng4 14.
h3 Qh4 15. Kg1 Nh6 16. f3 Bxh3 17. gxh3 Qxh3 18. Rf2 Qh4 19. Rg2 Qxe1+ 20. Kh2 Qh4+ 21. Kg1 f5 22. Qb3 Qe7 23. Kf2 Rae8 24. Nd1 Qh4+ 25.
Kg1 Kh8 26. Rh2 Qe1+ 27. Kg2 Re7 28. Qa3 Rfe8 29. Ndc3 Rxe3 30. Rh1 Rxe2+ 31. Nxe2 Rxe2+ 32. Bxe2 Nf4+ 33. Kh2 Qf2# 0-1

[Event "Early-Titled-Tuesday-Blitz-March-26-2024"]
[Site "Chess.com"]
[Date "2024.03.26"]
[Round "1"]
[White "Alex_Banzea"]
[Black "HansOnTwitch"]
[Result "0-1"]
[WhiteElo "2554"]
[BlackElo "3118"]
[TimeControl "180+1"]
[EndTime "8:06:40 PDT"]
[Termination "HansOnTwitch won by resignation"]

1. d4 Nf6 2. Nc3 d5 3. Bf4 a6 4. e3 h6 5. Bd3 c5 6. dxc5 Nc6 7. Nf3 Bg4 8. Be2 e6 9. h3 Bxf3 10. Bxf3 Bxc5 11. O-O Bb4 12. Nb1 O-O 13. c3 Bd6 14. Bxd6 Qxd6 15. Nd2 Rfd8 16. a4 Rac8 17. a5 e5 18. Qa4 Nd7 19. b4 Nf6 20. Rfd1 Qc7 21. Rac1 e4 22. Be2 Ne5 23. Nb3 g6 24. Nc5 Kg7 25.
Qa2 h5 26. c4 dxc4 27. Bxc4 Rxd1+ 28. Rxd1 Nc6 29. Qb2 Nxb4 30. Qxb4 Qxc5 31. Qxc5 Rxc5 32. Bf1 Rxa5 33. Rd6 b5 34. Rb6 Ra1 35. g3 Nd5 36. Rb7 Nc3 37. Kg2 Ra2 38. Kg1 Nd1 0-1

[Event "Early-Titled-Tuesday-Blitz-March-26-2024"]
[Site "Chess.com"]
[Date "2024.03.26"]
[Round "1"]
[White "a_kandil"]
[Black "Angry_Twin"]
[Result "0-1"]
[WhiteElo "2508"]
[BlackElo "2914"]
[TimeControl "180+1"]
[EndTime "8:06:40 PDT"]
[Termination "Angry_Twin won by resignation"]

1. e4 c5 2. Nf3 d6 3. d4 cxd4 4.
Nxd4 Nf6 5. Nc3 a6 6. Bg5 e6 7.
Qd2 h6 8. Bh4 Nxe4 9. Bxd8 Nxd2 10. Kxd2 Kxd8 11. Rd1 Nc6 12. Kc1 Nxd4 13. Rxd4 d5 14.
Nd1 Bc5 15. Rd2 Ke7 16. Bd3 b5 17.
Re1 Bb7 18. f4 Bd6 19. g3 Rac8 20. Ne3 Bc5 21. Ng4 Bb4 22. c3 d4 23. Rc2 dxc3 24.
bxc3 Rxc3 25. Rxc3 Bxc3 26. Rf1 Rc8 27. Kb1 h5 28.
Nf2 Bd4 29. Ne4 f6 30. Re1 Bd5 31. Bc2 a5 32. Rd1 Bb6 33. Re1 a4 34. Re2 Bd4 35.
Re1 a3 36. Bd3 b4 37. Re2 b3 0-1

[Event "Early-Titled-Tuesday-Blitz-March-26-2024"]
[Site "Chess.com"]
[Date "2024.03.26"]
[Round "1"]
[White "iAspet"]
[Black "MarcoRiehle"]
[Result "1/2-1/2"]
[WhiteElo "2466"]
[BlackElo "2804"]
[TimeControl "180+1"]
[EndTime "8:06:40 PDT"]
[Termination "Game drawn by repetition"]

1. d4 d5 2. c4 e6 3. Nc3 c5 4. Nf3 cxd4 5. Nxd4 e5 6. Nc2 d4 7. Nd5 Nf6 8. Bg5 Be6 9. Bxf6 gxf6 10. e4 dxe3 11.
Ncxe3 f5 12. Be2 f4 13. Nc2 Bxd5 14. cxd5 Qa5+ 15. Qd2 Qxd2+ 16. Kxd2 Nd7 17. g3 fxg3 18. hxg3 O-O-O 19. Ne3 Bb4+ 20. Kc2 Bc5 21. Rh6 Nb6 22. Rah1 Bxe3 23. fxe3 Nxd5 24. Rxh7 Nxe3+ 25. Kc3 Rxh7 26. Rxh7 f6 27. Bf3 Nd5+ 28. Kc4 Nb6+ 29. Kc3 Nd7 30. Rf7 Rf8 31. Re7 Kb8 32. Rxd7 Rg8 33. Rxb7+ Kc8 34.
Rf7 Rxg3 35. Rxf6 e4 36. Kd4 exf3 37. Ke3 Rg2 38. Rxf3 Rxb2 39. Rf2 Rb1 40. Kd4 Rc1 41. Kd3 Kb7 42. Rc2 Rh1 43. Kc3 a5 44. Kb2 Kb6 45. a3 Kb5 46. Ka2 Rh3 47. Rg2 Rh4 48. Rg5+ Ka4 49. Rg2 Re4 50. Rf2 Re3 51. Rf4+ Kb5 52.
Rf2 Rd3 53. Rf5+ Kc4 54. Rf4+ Kc3 55. Rf2 a4 56. Rh2 Rg3 57. Rf2 Rd3 58. Rh2 Kc4 59. Rh4+ Kc3 60. Rh2 1/2-1/2

[Event "Early-Titled-Tuesday-Blitz-March-26-2024"]
[Site "Chess.com"]
[Date "2024.03.26"]
[Round "1"]
[White "ploxoi"]
[Black "Karttunen"]
[Result "0-1"]
[WhiteElo "2409"]
[BlackElo "2740"]
[TimeControl "180+1"]
[EndTime "8:06:40 PDT"]
[Termination "Karttunen won by resignation"]

1. d4 Nf6 2. c4 e6 3. g3 d5 4. Nf3 Bb4+ 5. Bd2 a5 6. Bg2 dxc4 7. Qc2 Bxd2+ 8. Qxd2 c6 9. a4 O-O 10. Na3 b5 11.
axb5 cxb5 12. Nxb5 Bb7 13. O-O Bd5 14. Rfc1 Nbd7 15. e3 Ne4 16. Qc2 Rb8 17. Na3 Nb6 18. Nd2 Nxd2 19. Qxd2 Bxg2 20. Kxg2 Qd5+ 21. f3 e5 22. Rd1 Rfd8 23. Rac1 exd4 24. Qxd4 Qxd4 25.
Rxd4 Rxd4 26. exd4 Rd8 27. Nxc4 Rc8 28. b3 a4 29. Rd1 Nd5 30. Rb1 f6 31. Na3 Rc3 32. Nc4 axb3 33. Na5 Rc2+ 34. Kh3 b2 35. Nb3 Nc3 36.
Na1 Re2 0-1

[Event "Early-Titled-Tuesday-Blitz-March-26-2024"]
[Site "Chess.com"]
[Date "2024.03.26"]
[Round "1"]
[White "ViktoriyaTarasova"]
[Black "Josetricks"]
[Result "0-1"]
[WhiteElo "2357"]
[BlackElo "2685"]
[TimeControl "180+1"]
[EndTime "8:06:40 PDT"]
[Termination "Josetricks won on time"]

1. d4 g6 2. c4 Bg7 3. e4 d6 4. Nc3 Nd7 5. Nf3 e5 6. d5 a5 7. Bd3 Nc5 8. Bc2 Ne7 9. O-O O-O 10.
Ne1 f5 11. f3 Bd7 12. Nd3 f4 13. Nf2 g5 14. b3 h5 15. h3 Ng6 16. Rb1 Qc8 17. a3 Nh4 18. b4 Na6 19. Ba4 Nb8 20. c5 axb4 21. axb4 Bxa4 22. Nxa4 Nd7 23. Bd2 Nf6 24.
cxd6 cxd6 25. Nb6 Qc7 26. Nxa8 Rxa8 27. Qe2 Qb6 28. Ra1 Rf8 29. Kh2 Qd8 30. Rfc1 Qd7 31. Kg1 g4 32. hxg4 hxg4 33. Rc3 gxf3 34. gxf3 Qd8 35.
Nh3 Nh5 36. Be1 Ng3 37. Bxg3 fxg3 38. Rf1 Bh6 39. f4 Qb6+ 40. Qe3 Qxe3+ 41. Rxe3 exf4 42. Rc3 f3 43. Rc2 Be3+ 0-1

[Event "Early-Titled-Tuesday-Blitz-March-26-2024"]
[Site "Chess.com"]
[Date "2024.03.26"]
[Round "1"]
[White "Dixit_Nikhil"]
[Black "BeautiFullMindChess"]
[Result "1-0"]
[WhiteElo "2632"]
[BlackElo "2295"]
[TimeControl "180+1"]
[EndTime "8:06:42 PDT"]
[Termination "Dixit_Nikhil won by resignation"]

1. e4 c6 2. d4 d5 3. e5 c5 4.
dxc5 e6 5. Be3 Nc6 6. a3 f6 7. exf6 Nxf6 8. Nf3 b6 9. Bb5 Bd7 10. cxb6 axb6 11. O-O Bd6 12. c4 O-O 13. Nc3 Ng4 14.
cxd5 Nxe3 15. fxe3 Ne5 16. Bxd7 Qxd7 17. Nxe5 Bxe5 18. e4 Rxf1+ 19. Qxf1 Rf8 20. Qd3 Qf7 21. dxe6 Qf2+ 22. Kh1 Qh4 23. g3 Qe7 24. Rf1 Rd8 25. Nd5 Qxe6 26. Qc4 Kh8 27. Qe2 h6 28. b4 Bd4 29. Qf3 Re8 30. Qf5 Qc6 31. Nf4 Qc2 32. Ng6+ Kg8 33. Qf7+ Kh7 34. Qxe8 1-0

[Event "Early-Titled-Tuesday-Blitz-March-26-2024"]
[Site "Chess.com"]
[Date "2024.03.26"]
[Round "1"]
[White "Cayse"]
[Black "Misterfox120"]
[Result "1-0"]
[WhiteElo "2829"]
[BlackElo "2461"]
[TimeControl "180+1"]
[EndTime "8:06:43 PDT"]
[Termination "Cayse won by resignation"]

1. e4 e5 2. Nf3 Nf6 3. Nc3 Nc6 4. a4 d5 5. exd5 Nxd5 6. Bb5 Nxc3 7. bxc3 Bd6 8. O-O O-O 9. d4 exd4 10. cxd4 Bg4 11. c3 Qf6 12. a5 Bxf3 13. Qxf3 Qxf3 14. gxf3 a6 15. Bd3 Rfe8 16. Be4 Rab8 17. Bd2 Kf8 18. Rfb1 Ke7 19. h4 h6 20. Rb2 Kd7 21. Be3 h5 22. c4 Be7 23. Bf5+ Kd8 24. f4 Bf6 25. Ra3 g6 26. Bh3 Nxd4 27. Rd3 c5 28. Rb6 Bg7 29. f5 Kc7 30. fxg6 fxg6 31. Rxg6 Rg8 32. Bf4+ 1-0

[Event "Early-Titled-Tuesday-Blitz-March-26-2024"]
[Site "Chess.com"]
[Date "2024.03.26"]
[Round "1"]
[White "Massakru"]
[Black "Korchmar_Vasiliy"]
[Result "0-1"]
[WhiteElo "2361"]
[BlackElo "2700"]
[TimeControl "180+1"]
[EndTime "8:06:43 PDT"]
[Termination "Korchmar_Vasiliy won by checkmate"]

1. e4 c5 2. Nf3 d6 3. c3 Nf6 4. h3 g6 5. Bd3 Bg7 6. Bc2 O-O 7. O-O e5 8. d4 cxd4 9. cxd4 exd4 10. Nxd4 Nc6 11.
Nxc6 bxc6 12. Nc3 d5 13. exd5 cxd5 14. Bg5 Be6 15. Qd2 d4 16. Ne4 Rb8 17. b3 Nxe4 18. Bxe4 Qb6 19. Rac1 a5 20. Rc6 Qb5 21. Rfc1 a4 22.
R6c5 Qb4 23. Qxb4 Rxb4 24. Bd2 Rbb8 25. bxa4 d3 26. Bd5 Rb2 27. Rd1 Bd4 28. Ra5 Rxd2 29.
Rxd2 Bc3 30. Rxd3 Bxa5 31. Bxe6 fxe6 32. Rd6 Rf4 33. Rxe6 Rxa4 34. Re2 Bc3 35. g3 Rb4 36. Re3 Bd4 37. Rd3 Kf7 38. Kf1 Ke6 39. a3 Rc4 40.
Ke2 Ke5 41. Kf3 Rc2 42. Kg4 Rxf2 43. Kg5 Rf5+ 44. Kg4 Ke4 45. Rb3 h5+ 46. Kh4 Bf6# 0-1

[Event "Early-Titled-Tuesday-Blitz-March-26-2024"]
[Site "Chess.com"]
[Date "2024.03.26"]
[Round "1"]
[White "PapaieDudu"]
[Black "Sattarov_Bobur"]
[Result "0-1"]
[WhiteElo "2461"]
[BlackElo "2829"]
[TimeControl "180+1"]
[EndTime "8:06:44 PDT"]
[Termination "Sattarov_Bobur won on time"]

1. Nf3 Nf6 2. d4 g6 3. c4 Bg7 4. Nc3 O-O 5. e3 d5 6. Bd3 dxc4 7. Bxc4 c5 8. dxc5 Qa5 9. O-O Qxc5 10. Qe2 Nc6 11. h3 Rd8 12. e4 e6 13. Be3 Qa5 14.
Rad1 Bd7 15. a3 Be8 16. Bg5 h6 17. Bh4 Rxd1 18. Rxd1 Rc8 19. Bb3 Ne5 20. Nxe5 Qxe5 21. Bg3 Qh5 22. Qe3 a6 23. Qb6 Bc6 24. Rd8+ Rxd8 25. Qxd8+ Kh7 26. Qe7 Kg8 27. Qd8+ Ne8 28. Qe7 Bf8 29. Qh4 Qa5 30. Kh2 Qb6 31. Bxe6 fxe6 32.
Qg4 Kf7 33. Be5 Qxf2 34. Bg3 Qf1 0-1

[Event "Early-Titled-Tuesday-Blitz-March-26-2024"]
[Site "Chess.com"]
[Date "2024.03.26"]
[Round "1"]
[White "ChainedDowntohell"]
[Black "XDPS"]
[Result "0-1"]
[WhiteElo "2510"]
[BlackElo "2919"]
[TimeControl "180+1"]
[EndTime "8:06:46 PDT"]
[Termination "XDPS won on time"]

1. d4 d5 2. c4 e6 3. Nc3 Nf6 4. e3 a6 5. b3 b6 6. Nf3 Bb7 7. Bd3 Nbd7 8. O-O Be7 9. Bb2 O-O 10. Rc1 c5 11. cxd5 exd5 12. h3 Re8 13. Ne5 Bf8 14. Nxd7 Qxd7 15. Na4 Qc6 16. dxc5 bxc5 17. Nxc5 Bxc5 18. Bd4 Ne4 19. Bxe4 dxe4 20. Qg4 Qg6 21.
Qxg6 hxg6 22. Rxc5 Rac8 23. Rfc1 Rxc5 24. Rxc5 Rc8 25.
Re5 Rc1+ 26. Kh2 Rc2 27. Re7 Bd5 28. Re5 Be6 29. Rxe4 Rxf2 30. a4 Bxb3 31. a5 Ra2 32. Bb6 Re2 33. Re8+ Kh7 34. e4 Bc2 35. Kg1 Bd3 36.
g3 g5 0-1

[Event "Early-Titled-Tuesday-Blitz-March-26-2024"]
[Site "Chess.com"]
[Date "2024.03.26"]
[Round "1"]
[White "baki83"]
[Black "Art10ECHR"]
[Result "1-0"]
[WhiteElo "2856"]
[BlackElo "2473"]
[TimeControl "180+1"]
[EndTime "8:06:47 PDT"]
[Termination "baki83 won by resignation"]

1. e4 c5 2. Nf3 e6 3. c3 Nf6 4. e5 Nd5 5. a3 d6 6. d4 cxd4 7. c4 Ne7 8. exd6 Nec6 9. c5 e5 10. b4 g6 11. Bc4 Bg7 12. O-O O-O 13. Nbd2 Bf5 14. Re1 Nd7 15. Qb3 b6 16. Bd5 Rc8 17. Ne4 Bxe4 18. Rxe4 bxc5 19. Ng5 Qf6 20. Qh3 h6 21. Qxd7 Nb8 22. Bxf7+ Kh8 23. Qh3 Rcd8 24. Bd2 Rxd6 25. Rh4 Rxf7 26. Nxf7+ Qxf7 27. Bxh6 Kg8 28. Bxg7 Qxg7 29. Qc8+ Qf8 30. Rh8+ 1-0

[Event "Early-Titled-Tuesday-Blitz-March-26-2024"]
[Site "Chess.com"]
[Date "2024.03.26"]
[Round "1"]
[White "Oligan22"]
[Black "nikitakhoroshev"]
[Result "1-0"]
[WhiteElo "2414"]
[BlackElo "2677"]
[TimeControl "180+1"]
[EndTime "8:06:48 PDT"]
[Termination "Oligan22 won by checkmate"]

1. e4 e5 2. Nf3 Nc6 3. d4 exd4 4. Nxd4 Qf6 5. Nb3 Qg6 6. Nc3 Bb4 7. Qf3 d6 8. Bd2 f5 9. Nd5 Bxd2+ 10. Nxd2 Kd8 11.
O-O-O Ne5 12. Qc3 Qf7 13. f4 Ng4 14. Bc4 Be6 15. exf5 Bxd5 16. Bxd5 Qxd5 17. Qxg7 N4f6 18. Qxh8 Qf7 19. Nf3 Kc8 20. Ng5 Qd7 21. Rhe1 b6 22. Ne6 Kb7 23. Qg7 Qc6 24. Re3 Rc8 25. Rc3 Qd7 26. Qxd7 Nxd7 27. g4 Ne7 28. Rh3 Rh8 29. Rh6 c6 30. Re1 Nd5 31. c4 N5f6 32. h3 d5 33. Ng5 Ne4 34. Nxe4 dxe4 35. Rxe4 Nc5 36.
Re7+ Ka6 37. Rhxh7 Rd8 38. Rxa7# 1-0